 Dungeon Crawl Stone Soup version 0.16.1-4-g8e1b745 (console) character file.

39 gw the Ducker (level 3, 0/20 HPs)
             Began as a Deep Elf Artificer on Mar 27, 2015.
             Was an Initiate of Trog.
             Succumbed to an adder's poison
             ... on level 2 of the Dungeon.
             The game lasted 00:01:25 (1206 turns).

gw the Ducker (Deep Elf Artificer)                  Turns: 1206, Time: 00:01:26

Health: 0/20       AC:  5    Str:  6    XL:     3   Next: 28%
Magic:  6/6        EV: 10    Int: 16    God:    Trog [......]
Gold:   32         SH:  0    Dex: 16    Spells: 0 memorised, 2 levels left

rFire  . . .     SeeInvis .     a - +0 short sword
rCold  . . .     Clarity  .     h - +0 ring mail
rNeg   . . .     SustAb   .     (no shield)
rPois  .         Gourm    .     (no helmet)
rElec  .         Spirit   .     (no cloak)
rCorr  .         Warding  .     (no gloves)
rMut   .         Rnd*Tele +     (no boots)
MR     .....                    (no amulet)
Stlth  +.........               (no ring)
                                j - ring of teleportation (curse)

@: lethally poisoned (0 -> -5), not resistant to hostile enchantments, very
unstealthy
A: talons 1, low mp 1, weak 1
a: Burn Spellbooks, Renounce Religion, Evoke Teleportation


You were on level 2 of the Dungeon.
You worshipped Trog.
Trog was noncommittal.
You were not hungry.

You visited 1 branch of the dungeon, and saw 2 of its levels.

You collected 32 gold pieces.

Inventory:

Hand weapons
 a - a +0 short sword (weapon)
Missiles
 l - 22 arrows
Armour
 h - a +0 ring mail (worn)
Jewellery
 j - a cursed ring of teleportation (left hand)
Magical devices
 b - a wand of flame (10)
 c - a wand of enslavement (14)
 d - a wand of random effects (12)
Scrolls
 e - a scroll of enchant weapon {unknown}
Comestibles
 f - 2 bread rations


   Skills:
 + Level 1.2 Fighting
 * Level 2.0 Short Blades
 + Level 3.5 Dodging
 - Level 1.2 Stealth
 - Level 3.2 Evocations


You had 2 spell levels left.
You didn't know any spells.

Dungeon Overview and Level Annotations

Branches:
Dungeon (2/15)

Altars:
Gozag
Trog


Innate Abilities, Weirdness & Mutations

You have sharp toenails.
Your magical capacity is low (-10% MP).
You are weak. (Str -2)


Message History

You swing at nothing.
You feel sick.
Unknown command.
Unknown command.
Unknown command.
Unknown command.
ATTACKING (0,-1)
You swing at nothing.
Unknown command.
Unknown command.
Unknown command.
Unknown command.
ATTACKING (0,-1)
You swing at nothing.
Unknown command.
Unknown command.
Unknown command.
Unknown command.
ATTACKING (1,0)
You swing at nothing.
You die...

......####..........
.....................
.......#####.........
.....................
..........#..........
.##...#%.###.......#
#....%.###########
#............
#e..........
###..........
#......... #........
#....... #......
#...=. .<.


There were no monsters in sight!

Table legend:
 A = Turns spent in this place as a percentage of turns spent in the entire game.
 B = Non-inter-level travel turns spent in this place as a percentage of non-inter-level travel turns spent in the entire game.
 C = Inter-level travel turns spent in this place as a percentage of turns spent in this place.
 D = Turns resting spent in this place as a percentage of non-inter-level travel turns spent in this place.
 E = Turns spent auto-exploring this place as a percentage of non-inter-level travel turns spent in this place.
 F = Non-inter-level travel turns spent in this place divided by the number of levels of this place that you've seen.
                   A       B       C       D       E      F
               +-------+-------+-------+-------+-------+----------------------
         Total | 100.0 | 100.0 |   0.4 |   1.2 |   2.2 | 939.5
       Dungeon | 100.0 | 100.0 |   0.4 |   1.2 |   2.2 | 939.5
               +-------+-------+-------+-------+-------+----------------------

Table legend:
 A = Kills in this place as a percentage of kills in entire the game.
 B = Kills by you in this place as a percentage of kills by you in the entire game.
 C = Kills by friends in this place as a percentage of kills by friends in the entire game.
 D = Other kills in this place as a percentage of other kills in the entire game.
 E = Experience gained in this place as a percentage of experience gained in the entire game.
 F = Experience gained in this place divided by the number of levels of this place that you have seen.
                   A       B       C       D       E      F
               +-------+-------+-------+-------+-------+----------------------
         Total | 100.0 | 100.0 |  -nan |  -nan | 100.0 |  28.5
       Dungeon | 100.0 | 100.0 |  -nan |  -nan | 100.0 |  28.5
               +-------+-------+-------+-------+-------+----------------------

Vanquished Creatures
  2 adders (D:2)
  3 giant geckos
  A goblin (D:1)
  3 hobgoblins (D:1)
  4 kobolds
  A quokka (D:2)
  2 bats
  A giant cockroach (D:2)
  2 giant newts (D:1)
  2 rats (D:1)
21 creatures vanquished.

Notes
Turn   | Place    | Note
--------------------------------------------------------------
     0 | D:1      | gw, the Deep Elf Artificer, began the quest for the Orb.
     0 | D:1      | Reached XP level 1. HP: 11/11 MP: 2/2
    46 | D:1      | Reached skill level 1 in Fighting
   434 | D:1      | Reached XP level 2. HP: 10/16 MP: 5/5
   876 | D:2      | Found an opulent altar of Gozag.
   884 | D:2      | Found a bloodstained altar of Trog.
   966 | D:2      | Reached XP level 3. HP: 12/20 MP: 7/7
  1132 | D:2      | Became a worshipper of Trog the Wrathful
  1198 | D:2      | Gained mutation: Your magical capacity is low (-10% MP). [potion of mutation]
  1198 | D:2      | Gained mutation: You have sharp toenails. [potion of mutation]
  1198 | D:2      | Gained mutation: You are weak. (Str -2) [potion of mutation]
  1203 | D:2      | HP: 1/20 [poisoned by an adder]
  1206 | D:2      | Succumbed to an adder's poison

Action                   || total
-------------------------++-------
Melee: Short sword       ||    70
Evoke: Wand              ||     9
  Use: Potion            ||     3
       Scroll            ||     2
  Eat: Chunk             ||     1

Vault maps used:
D:1:      saegor_arrival_simple_e, minmay_misc_feat_plants,
          kennysheep_decorative_pillar
D:2:      grunt_temple_overflow_open
